Map: Romanticide LE

Players

Nice

  • Race: Protoss Protoss

Has - Winner!

  • Race: Protoss Protoss

Event: DreamHack SC2 Masters 2021 Fall

VOD

Have the link to the VOD?

Description

Time

  • Played on: Aug. 1, 2021, 8:34 a.m.
  • Length: 9:54

All games in this series

Show
View Real Time Build Order
Export as new Build Order

Nice Protoss 

Build Orders: Oracle Opening 

Get SALT Encoding   

  12  0:00  Probe  
  13  0:12  Probe  
  14  0:18  Pylon  
  14  0:24  Probe (Chrono Boost)  
  15  0:36  Gateway  
  15  0:37  Probe (Chrono Boost)  
  16  0:44  Probe (Chrono Boost)  
  16  0:46  Assimilator  
  17  0:51  Probe  
  17  0:56  Assimilator  
  18  1:03  Probe (Chrono Boost)  
  19  1:08  Gateway  
  19  1:13  Probe (Chrono Boost)  
  19  1:18  Probe (Chrono Boost)  
  20  1:25  Cybernetics Core  
  21  1:29  Probe  
  22  1:36  Pylon  
  22  1:42  Probe  
  23  1:54  Probe  
  24  2:01  Stalker  
  24  2:02  Sentry, Warp Gate (Chrono Boost)  
  24  2:06  Probe  
  29  2:13  Pylon  
  31  2:32  Pylon  
  33  2:42  Stargate  
  28  2:51  Nexus  
  28  2:58  Shield Battery  
  28  3:05  Shield Battery  
  28  3:12  Stalker  
  30  3:28  Shield Battery  
  30  3:30  Oracle (Chrono Boost)  
  33  3:39  Shield Battery  
  33  3:49  Pylon, Stalker  
  33  3:54  Stalker  
  37  4:01  Gateway  
  37  4:02  Void Ray (Chrono Boost)  
  41  4:20  Stalker  
  43  4:25  Gateway, Probe  
  43  4:28  Probe  
  45  4:37  Probe  
  46  4:40  Probe  
  47  4:50  Probe  
  48  4:54  Probe  
  48  4:55  Gateway  
  49  5:02  Probe  
  49  5:07  Sentry, Probe  
  51  5:08  Stalker  
  51  5:12  Robotics Facility  
  51  5:14  Probe  
  56  5:20  Probe  
  57  5:23  Pylon  
  57  5:27  Gateway  
  57  5:29  Probe  
  57  5:33  Probe  
  59  5:39  Stalker  
  59  5:41  Pylon, Probe  
  62  5:45  Probe (Chrono Boost)  
  59  5:57  Probe (Chrono Boost)  
  59  5:59  Probe (Chrono Boost)  
  59  6:00  Twilight Council  
  59  6:05  Probe (Chrono Boost)  
  59  6:06  Assimilator  
  59  6:07  Assimilator, Forge  
  59  6:08  Probe (Chrono Boost)  
  59  6:10  Twilight Council  
  61  6:11  Probe  
  61  6:17  Observer  
  61  6:18  Probe  
  64  6:23  Probe  
  65  6:27  Pylon  
  65  6:30  Probe  
  66  6:34  Shield Battery  
  66  6:35  Probe (Chrono Boost)  
  64  6:42  Probe (Chrono Boost)  
  63  6:47  Blink (Chrono Boost), Probe (Chrono Boost)  
  63  6:48  Protoss Ground Weapons Level 1 (Chrono Boost)  
  63  6:49  Nexus  
  64  6:54  Probe (Chrono Boost)  
  64  6:55  Probe (Chrono Boost)  
  64  6:58  Probe (Chrono Boost)  
  66  7:05  Probe  
  67  7:09  Probe  
  67  7:10  Gateway  
  68  7:16  Immortal (Chrono Boost)  
  68  7:22  Sentry, Stalker  
  76  7:28  Shield Battery  
  76  7:29  Probe x2  
  78  7:38  Pylon  
  78  7:41  Shield Battery  
  78  7:53  Pylon  
  78  7:56  Probe x2, Immortal (Chrono Boost)  
  84  7:59  Pylon  
  84  8:02  Sentry x2  
  84  8:03  Probe  
  89  8:07  Stalker  
  89  8:09  Probe x2  
  93  8:13  Shield Battery  
  93  8:21  Probe x2  
  90  8:31  Stalker x3  
  90  8:32  Probe  
  93  8:34  Probe  
  93  8:44  Immortal  
  93  8:46  Probe  
  92  8:54  Sentry x3  
  97  9:01  Nexus  
  97  9:04  Probe x2  
  91  9:20  Stalker x2  
Show
View Real Time Build Order
Export as new Build Order

Has Protoss - Winner!

Build Orders:  

Get SALT Encoding   

  12  0:00  Probe  
  13  0:12  Probe  
  14  0:17  Pylon  
  14  0:24  Probe (Chrono Boost)  
  16  0:37  Gateway, Probe (Chrono Boost)  
  16  0:41  Probe (Chrono Boost)  
  16  0:47  Assimilator  
  17  0:52  Probe  
  17  0:53  Assimilator  
  18  1:03  Gateway  
  18  1:06  Probe (Chrono Boost)  
  19  1:16  Probe (Chrono Boost)  
  20  1:21  Probe (Chrono Boost)  
  20  1:24  Cybernetics Core  
  21  1:33  Probe  
  21  1:36  Pylon  
  22  1:45  Probe  
  23  1:57  Probe  
  23  1:58  Warp Gate (Chrono Boost)  
  23  2:01  Adept x2  
  28  2:09  Probe  
  28  2:11  Pylon  
  29  2:21  Probe  
  30  2:30  Adept  
  30  2:31  Adept  
  34  2:39  Robotics Facility  
  34  2:40  Probe  
  35  2:59  Pylon  
  35  3:00  Adept  
  35  3:01  Adept  
  39  3:19  Nexus  
  39  3:26  Observer  
  40  3:28  Probe  
  41  3:43  Stalker x2  
  46  3:54  Pylon  
  45  3:59  Warp Prism (Chrono Boost)  
  47  4:12  Probe  
  47  4:14  Stalker  
  47  4:15  Sentry  
  52  4:24  Probe  
  53  4:36  Twilight Council, Probe (Chrono Boost)  
  53  4:38  Probe (Chrono Boost)  
  55  4:45  Stalker  
  57  4:47  Stalker  
  57  4:51  Probe (Chrono Boost)  
  59  4:53  Probe (Chrono Boost)  
  59  4:56  Probe (Chrono Boost)  
  61  5:01  Probe  
  62  5:08  Probe  
  62  5:13  Probe  
  62  5:14  Observer  
  62  5:15  Blink (Chrono Boost)  
  62  5:20  Forge, Probe  
  63  5:23  Sentry  
  63  5:25  Probe  
  63  5:26  Stalker  
  68  5:30  Pylon  
  68  5:32  Probe  
  69  5:37  Probe  
  69  5:38  Observer  
  69  5:42  Assimilator  
  70  5:47  Observer  
  70  5:48  Probe  
  70  5:49  Probe  
  72  5:54  Stalker x2  
  72  5:56  Protoss Ground Weapons Level 1 (Chrono Boost)  
  72  6:00  Probe  
  73  6:05  Nexus  
  73  6:10  Pylon, Probe  
  74  6:18  Gateway  
  74  6:20  Pylon, Probe  
  74  6:23  Probe  
  76  6:27  Pylon  
  76  6:32  Probe  
  76  6:36  Probe  
  78  6:45  Probe  
  78  6:46  Stalker x2  
  79  6:48  Probe  
  80  6:56  Gateway  
  80  6:57  Gateway, Probe  
  80  7:02  Shield Battery  
  80  7:05  Shield Battery  
  80  7:16  Observer, Stalker x3  
  80  7:18  Shield Battery  
  80  7:20  Photon Cannon  
  85  7:25  Gateway  
  85  7:27  Gateway  
  85  7:28  Charge  
  85  7:32  Pylon  
  85  7:36  Probe x3  
  88  7:39  Pylon  
  88  7:42  Stalker  
  90  7:51  Stalker x2  
  90  7:56  Photon Cannon  
  94  8:08  Stalker x2  
  94  8:09  Stalker  
  99  8:31  Stalker x5  
  99  8:48  Stalker x2  
  99  8:49  Probe  
  99  8:50  Probe x2  
  99  8:52  Assimilator  
  99  8:53  Assimilator  
  99  8:55  Zealot x5  
  110  8:58  Pylon  
  107  9:20  Stalker x6  

Tags
 
Add a new tag
Caveats
  • Supply blocks, unpowered buildings, or Contaminate may cause inaccurate times.
  • Supply counts are checked every 10 seconds.